 Dungeon Crawl Stone Soup version 0.20-a0-618-gbb8d3ca (webtiles) character file.

232 GordonOverkill the Skirmisher (level 5, 0/69 HPs)
             Began as a Minotaur Conjurer on Feb 9, 2017.
             Slain by an orc priest
             ... wielding a +0 trident
              (3 damage)
             ... on level 3 of the Dungeon.
             The game lasted 00:07:44 (3747 turns).

GordonOverkill the Skirmisher (Minotaur Conjurer)   Turns: 3747, Time: 00:07:45

Health: 0/69       AC: 22    Str: 13    XL:     5   Next: 73%
Magic:  6/6        EV:  2    Int: 12    God:
Gold:   210        SH:  0    Dex: 11    Spells: 6/6 levels left

rFire    . . .     SeeInvis .   g - +0 mace (curse)
rCold    . . .     Gourm    .   (armour currently unavailable)
rNeg     + + +     Faith    .   (no shield)
rPois    +         Spirit   .   (helmet currently unavailable)
rElec    .         Reflect  .   (cloak currently unavailable)
rCorr    .         Harm     .   (gloves currently unavailable)
MR       .....     NoTele   +   (boots currently unavailable)
Stlth    ++........             h - amulet of magic regeneration
Regen    0.3/turn               (no ring)
                                (no ring)

@: tree-form, very slightly contaminated, hasted, very quick
A: (retaliatory headbutt), (horns 0)
a: no special abilities


You were on level 3 of the Dungeon.
You were not hungry.
You were a tree.
You visited 1 branch of the dungeon, and saw 3 of its levels.

You collected 210 gold pieces.

Inventory:

Hand Weapons
 e - a cursed -1 whip
 g - a cursed +0 mace (weapon)
Armour
 d - a +0 scale mail (melded)
 l - a +0 plate armour
 q - a +1 pair of boots (melded)
Jewellery
 h - an amulet of magic regeneration (around neck)
Scrolls
 f - a scroll of magic mapping
Potions
 j - a potion of flight
 k - 2 potions of agility
 n - a potion of haste
Books
 b - a book of Conjurations

   Spells                             Type                      Level
   a - Magic Dart                     Conjuration                  1
   b - Searing Ray                    Conjuration                  2
   c - Dazzling Spray                 Conjuration/Hexes            3
   d - Fulminant Prism                Conjuration/Hexes            4
   e - Force Lance                    Conjuration/Translocation    4
   f - Iskenderun's Mystic Blast      Conjuration                  4
Comestibles
 a - 2 chunks of flesh
 c - 2 bread rations
 i - 2 royal jellies


   Skills:
 + Level 4.1 Fighting
 * Level 3.9 Maces & Flails
 - Level 3.0 Armour
 - Level 2.1 Dodging
 - Level 1.5 Stealth
 - Level 1.3 Spellcasting
   Level 2.9 Conjurations


You had 6 spell levels left.
You didn't know any spells.

Dungeon Overview and Level Annotations

Branches:
Dungeon (3/15)

Altars:
Dithmenos
Ru


Innate Abilities, Weirdness & Mutations

((You reflexively headbutt those who attack you in melee.))
((You have a pair of horns on your head.))


Message History

Your +0 scale mail melds into your body.
Your roots penetrate the ground.
The orc priest completely misses you.
You hit the orc priest but do no damage.
The orc priest is almost dead.
The orc priest hits you but does no damage.
You thump the orc priest!
You kill the orc priest!
The orc priest hits you but does no damage.
You aren't carrying any items that you can evoke.
Okay, then.
You cannot move.
The orc priest hits you but does no damage.
The orc priest hits you but does no damage.
The orc priest hits you but does no damage.
Okay, then.
The orc priest hits you but does no damage.
The orc priest hits you but does no damage.
The orc priest hits you but does no damage.
The orc priest hits you from afar with a trident.
You die...

# .. ... ....
### ..... ..#
.<....##.####
........o...#
......##)##.#
##### #♣).#
#.#.#
######### #
#...# #
#.......#
#.##.##.#
#.......#
#.......#
#.......#
####.####
#.......# #.#
#.......#
####.####
#.......#
#.......#


You could see an orc priest.

Vanquished Creatures
  An orc priest (D:3)
  Terence (D:2)
  Robin (D:2)
  6 adders
  3 worms (D:2)
  4 dart slugs
  3 orcs (D:3)
  5 giant cockroaches
  10 goblins
  8 hobgoblins
  7 jackals
  15 kobolds
  A quokka (D:2)
  2 ball pythons (D:1)
  8 bats
  7 frilled lizards
  11 rats
93 creatures vanquished.

Vanquished Creatures (others)
  A bat (D:2)
1 creature vanquished.

Grand Total: 94 creatures vanquished

Notes
Turn   | Place    | Note
-------+----------+-------------------------------------------
     0 | D:1      | GordonOverkill the Minotaur Conjurer began the quest for the Orb.
     0 | D:1      | Reached XP level 1. HP: 14/14 MP: 1/1
    99 | D:1      | Reached skill level 1 in Armour
   147 | D:1      | Reached skill level 1 in Fighting
   238 | D:1      | Reached XP level 2. HP: 23/23 MP: 0/3
  1025 | D:1      | Reached skill level 2 in Fighting
  1109 | D:1      | Reached XP level 3. HP: 29/29 MP: 4/4
  1532 | D:2      | Noticed Robin
  1754 | D:2      | Reached skill level 3 in Fighting
  1767 | D:2      | Killed Robin
  1767 | D:2      | Reached XP level 4. HP: 33/38 MP: 5/5
  2059 | D:2      | Reached skill level 1 in Maces & Flails
  2596 | D:2      | Noticed Terence
  2610 | D:2      | Killed Terence
  2711 | D:2      | Reached XP level 5. HP: 45/45 MP: 6/6
  2723 | D:2      | Found a shadowy altar of Dithmenos.
  2726 | D:2      | Found a sacrificial altar of Ru.
  3328 | D:3      | Found a faded altar of an unknown god.
  3722 | D:3      | Reached skill level 4 in Fighting
  3733 | D:3      | HP: 1/46 [orc priest/flail (7)]
  3747 | D:3      | Slain by an orc priest

Vault maps used:
D:1:      mrwooster_arrival_statue, minmay_pentomino_w4
D:2:      minitemple, uniq_robin, uniq_terence
D:3:      kennysheep_slug_shrine, first_bread, chequers_ecumenical_altar_simple

Skill      XL: |  1  2  3  4  5 |
---------------+----------------+-----
Armour         | 1 2 3 |  3.0
Fighting       | 1 2 3 4 |  4.1
Maces & Flails | 2 3 |  3.9
Dodging        | |  2.1
Stealth        | |  1.5
Spellcasting   | |  1.3
Conjurations   | |  2.9

Action                   |  1- 3 |  4- 6 || total
-------------------------+-------+-------++-------
Melee: Short sword       |   121 |       ||   121
       Headbutt          |    12 |    11 ||    23
       Mace              |       |   127 ||   127
 Cast: Magic Dart        |    21 |       ||    21
  Use: Scroll            |       |    10 ||    10
       Potion            |       |     2 ||     2
 Stab: Sleeping          |     3 |       ||     3
  Eat: Chunk             |     3 |     7 ||    10
Armor: Robe              |    13 |       ||    13
       Scale mail        |    48 |    61 ||   109
       Skin              |       |     7 ||     7
Dodge: Dodged            |    94 |    67 ||   161
